Cogmind - Beta 13 @@@ ROGUE MODE // 2024.05.07 @ 02:09:54 Player: KADW Result: Self-destructed Performance ------------- Evolutions (1) 500 Regions Visited (2) 400 Robots Destroyed (34) 170 Value Destroyed (852) 852 Prototype IDs (0) 0 Alien Tech Used (0) 0 Bonus (56) 56 TOTAL SCORE: 1978 Bonus ------- High Alert Combat Kills 56 Cogmind --------- Core Integrity 162/400 Matter 239/300 Energy 100/100 System Corruption 0% Temperature Cool (39) Movement Walking (190) Ox1 Location -9/Materials Parts ------- > --- POWER (1) -------- (None) > --- PROPULSION (4) --- Aluminum Leg > --- UTILITY (2) ------ Medium Storage Unit > --- WEAPON (2) ------- Particle Gun > --- INVENTORY (10) --- Aluminum Leg Compact Wheel Hover Unit Flight Unit Flight Unit Flight Unit Heat Sink Seismic Detector Peak State ------------ > --- POWER ------------ Improved Ion Engine > --- PROPULSION ------- Light Treads Light Treads Aluminum Leg Wheel > --- UTILITY ---------- Medium Storage Unit Light Armor Plating > --- WEAPON ----------- Small Laser Heavy Assault Rifle > --- INVENTORY -------- Aluminum Leg Compact Wheel Hover Unit Flight Unit Flight Unit Flight Unit Medium Storage Unit Seismic Detector Grenade Launcher Grenade Launcher [Rating: 12] Favorites ----------- Power Light Ion Engine Engine Light Ion Engine Propulsion Light Treads Treads Light Treads Leg Aluminum Leg Wheel Compact Wheel Utility Small Storage Unit Device Improved Terrain Scanner Storage Small Storage Unit Protection Light Armor Plating Weapon Heavy Assault Rifle Energy Gun Small Laser Ballistic Gun Heavy Assault Rifle Launcher Grenade Launcher Build | -11 -10 -9 ------- Run | Yrd Mat Mat Slots Evolved 2 | . . 2 Power . | . . . Propulsion 2 | . . 2 Utility . | . . . Weapon . | . . . Parts Attached 32 | 8 6 18 Power 3 | 1 . 2 Engine 3 | 1 . 2 Core . | . . . Reactor . | . . . Propulsion 10 | 3 . 7 Treads 3 | 1 . 2 Leg 4 | . . 4 Wheel 3 | 2 . 1 Hover . | . . . Flight . | . . . Utility 7 | 2 2 3 Device 1 | 1 . . Storage 3 | 1 . 2 Processor . | . . . Hackware . | . . . Protection 3 | . 2 1 Artifact . | . . . Weapon 12 | 2 4 6 Energy Gun 7 | 1 3 3 Energy Cannon . | . . . Ballistic Gun 3 | 1 1 1 Ballistic Cannon . | . . . Launcher 2 | . . 2 Special Weapon . | . . . Impact Weapon . | . . . Slashing Weapon . | . . . Piercing Weapon . | . . . Special Melee Weapon . | . . . Unidentified Prototypes . | . . . Parts Lost 11 | . 1 10 Power 1 | . . 1 Propulsion 5 | . . 5 Utility 2 | . . 2 Weapon 3 | . 1 2 Highest Loss Streak 7 | . 1 7 To Critical Strikes . | . . . Average Slot Usage (%) 93 | . 99 88 Engine 12 | . 14 10 Treads 12 | . 14 11 Leg 6 | . . 12 Wheel 11 | . 14 9 Device 5 | . 11 . Storage 12 | . 14 11 Protection 6 | . 2 10 Energy Gun 13 | . 14 13 Ballistic Gun 10 | . 13 8 Naked Turns . | . . . Heaviest Build 24 | 12 17 24 Greatest Support 32 | 32 16 20 Greatest Overweight (x) 4 | . 1 4 Average Overweight (x) . | . . 1 Largest Inventory Capacity 10 | 8 8 10 Average Capacity 8 | 7 8 8 Most Carried 10 | 8 8 10 Average Carried 7 | 4 7 8 Final Capacity 10 | 8 8 10 Final Carried 8 | 8 8 8 Class Distribution -------------------- 69% | Mutant 30% | Scavenger-Mutant Dominant Class ---------------- Mutant | -10/Materials Scavenger-Mutant | -9/Materials Resources | -11 -10 -9 ----------- Run | Yrd Mat Mat Matter Collected 691 | 284 142 265 Remotely . | . . . Salvage Created 1144 | 187 296 661 Parts 75 | 12 23 40 Haulers Intercepted . | . . . Recyclers Shooed 2 | 1 1 . Parts Field Recycled . | . . . Retrieved Matter . | . . . Parts Self-Destructed . | . . . Prevented . | . . . Kills | -11 -10 -9 ------- Run | Yrd Mat Mat Combat Hostiles Destroyed 25 | . 10 15 Guns 20 | . 5 15 AOE 5 | . 5 . Classes Destroyed 8 | 3 3 2 Worker 1 | 1 . . Tunneler 4 | 4 . . Recycler 2 | 1 . 1 Watcher 2 | . 2 . Swarmer 9 | . 6 3 Grunt 12 | . 4 8 Duelist 1 | . . 1 Sentry 3 | . . 3 Best Kill Streak 6 | 4 6 6 Combat Bots Only 6 | . 6 6 Max Kills in Single Turn 5 | 1 5 1 Gunslinging . | . . . Exploded 5 | . 5 . Melee . | . . . Uniques/NPCs Destroyed . | . . . Combat | -11 -10 -9 -------- Run | Yrd Mat Mat Hostile Shots Fired 183 | . 34 149 Missed 44 | . 6 38 Damage Taken 2013 | . 515 1498 Core 381 | . 143 238 Absorbed by Shields . | . . . Core Remaining (%) 71 | 100 42 . Volleys Fired 104 | 17 30 57 Largest 2 | 2 2 2 Hottest 95 | 70 70 95 Shots Fired 186 | 34 54 98 Gun 183 | 34 54 95 Cannon . | . . . Launcher 3 | . . 3 Special . | . . . Kinetic 99 | 17 30 52 Thermal 68 | 17 8 43 Explosive 3 | . . 3 Electromagnetic 16 | . 16 . Robot Hit Streak 15 | 5 10 15 Robot Miss Streak 3 | 2 2 3 Penetration Max . | . . . Secondary Targets 1 | . 1 . Max Gunslinging Chain 1 | . 1 . Shots Hit Robots 127 | 19 37 71 Core Hits 59 | 9 17 33 Critical Kills . | . . . Critical Parts Destroyed 1 | . . 1 Critical Strikes 4 | 3 . 1 Burn 3 | 3 . . Destroy 1 | . . 1 Melee Attacks . | . . . Impact . | . . . Slashing . | . . . Piercing . | . . . Sneak Attacks . | . . . Combat Hostiles . | . . . Follow-up Attacks . | . . . Damage Inflicted 2165 | 213 936 1016 Guns 1684 | 213 571 900 Cannons . | . . . Explosions 481 | . 365 116 Melee . | . . . Ramming . | . . . Kinetic 850 | 50 293 507 Thermal 966 | 163 410 393 Explosive 116 | . . 116 Electromagnetic 233 | . 233 . Impact . | . . . Slashing . | . . . Piercing . | . . . Highest Corruption . | . . . Average Corruption . | . . . Corruption Purged . | . . . Corruption Blocked . | . . . Overload Shots . | . . . Overflow Damage . | . . . Projectiles . | . . . Explosions . | . . . Melee . | . . . Knockbacks . | . . . Impact . | . . . Kinetic . | . . . Secondary . | . . . Self-Inflicted Damage 252 | . 195 57 Shots 5 | . 3 2 Rammed . | . . . Targets Rammed . | . . . Kicked . | . . . Crushed . | . . . Highest Temperature 164 | 90 96 164 Average Temperature 34 | 31 34 36 Received Heat Transfer 717 | . 153 564 Siege Activations . | . . . Robots Corrupted . | . . . Combat Hostiles . | . . . Parts Fried . | . . . Impact Corruptions . | . . . Robots Melted . | . . . Combat Hostiles . | . . . Parts Melted 3 | 1 2 . Heat Transferred 2099 | 703 512 884 Parts Sabotaged . | . . . Parts Stolen . | . . . Parts Stripped . | . . . Power Chain Reactions 1 | . 1 . Alert | -11 -10 -9 ------- Run | Yrd Mat Mat Peak Influence 609 | 30 382 609 Initial 76 | . 19 76 Average 234 | 13 203 352 Maximum Alert Level 2 | . 1 2 Low Security (%) 43 | 100 38 25 Level 1 32 | . 61 21 Level 2 23 | . . 53 Level 3 . | . . . Level 4 . | . . . Level 5 . | . . . High Security . | . . . Max Security . | . . . Squads Dispatched 2 | . . 2 Investigation . | . . . Extermination . | . . . Reinforcement 1 | . . 1 Assault 1 | . . 1 Garrison . | . . . Intercept . | . . . Searches Triggered . | . . . Construction Impeded . | . . . Haulers Reinforced . | . . . Active Scanning Responses . | . . . Cargo Convoy Interrupts . | . . . Stealth | -11 -10 -9 --------- Run | Yrd Mat Mat Distress Signals . | . . . Communications Jammed . | . . . Distress Signals . | . . . Times Spotted 45 | . 14 31 Peak Tracking Total 6 | . 6 6 Tactical Retreats 6 | . . 6 Traps | -11 -10 -9 ------- Run | Yrd Mat Mat Traps Triggered 1 | . 1 . Indirectly . | . . . Trap Hack Attempts . | . . . Triggered . | . . . Disarmed 4 | . . 4 Reprogrammed . | . . . Reused . | . . . Traps Extracted . | . . . Installed . | . . . Triggered . | . . . Machines | -11 -10 -9 ---------- Run | Yrd Mat Mat Machines Disabled 6 | . 4 2 Max in Single Turn 3 | . 3 1 Machines Repaired . | . . . Machines Dismantled . | . . . Machines Sabotaged . | . . . Overloaded Fab Kills . | . . . Hacking | -11 -10 -9 --------- Run | Yrd Mat Mat Machines Accessed 5 | . 3 2 Terminals 5 | . 3 2 Fabricators . | . . . Repair Stations . | . . . Recycling Units . | . . . Scanalyzers . | . . . Garrison Access . | . . . Total Hacks 17 | . 9 8 Successful 9 | . 5 4 Failed 8 | . 4 4 Catastrophic 1 | . . 1 Database Lockouts . | . . . Manual 9 | . 6 3 Terminals 17 | . 9 8 Fabricators . | . . . Repair Stations . | . . . Recycling Units . | . . . Scanalyzers . | . . . Garrison Access . | . . . Terminal Hacks 5 | . 2 3 Robot Analysis 1 | . 1 . Disarm Traps 1 | . . 1 Dispatch Records 1 | . . 1 Registered Components 1 | . 1 . Zone Layout 1 | . . 1 Fabricator Hacks . | . . . Repair Station Hacks . | . . . Recycling Unit Hacks . | . . . Scanalyzer . | . . . Garrison Access Hacks . | . . . Unauthorized Hacks 4 | . 3 1 Terminals 4 | . 3 1 Botnet 4 | . 3 1 Fabricators . | . . . Repair Stations . | . . . Recycling Units . | . . . Scanalyzers . | . . . Garrison Access . | . . . Data Cores Recovered . | . . . Used . | . . . Hacking Detections 4 | . 2 2 Full Trace Events . | . . . Feedback Events . | . . . Feedback Blocked . | . . . Robot Schematics Acquired . | . . . Robots Built . | . . . Authchips . | . . . Time . | . . . Total Robot Build Rating . | . . . Part Schematics Acquired . | . . . Parts Built . | . . . Authchips . | . . . Time . | . . . Total Part Build Rating . | . . . Parts Repaired . | . . . Time . | . . . Parts Recycled . | . . . Recycled Matter . | . . . Retrieved Matter . | . . . Retrieved Components . | . . . Parts Scanalyzed . | . . . Part Schematics Acquired . | . . . Parts Damaged . | . . . Bothacking | -11 -10 -9 ------------ Run | Yrd Mat Mat Used RIF Installer . | . . . Robots Hacked . | . . . Non-combat . | . . . Combat . | . . . Robot Hacks Applied . | . . . Relay Couplers Released . | . . . Fabnet Peak Effective % . | . . . Robots Rewired . | . . . Allies Hacked . | . . . Hacks Repelled . | . . . Allies | -11 -10 -9 -------- Run | Yrd Mat Mat Total Allies . | . . . Largest Group . | . . . Highest-Rated Group . | . . . Highest-Rated Ally . | . . . Total Orders . | . . . Ally Attacks . | . . . Total Damage . | . . . Kills . | . . . Allies Corrupted . | . . . Allies Melted . | . . . Intel | -11 -10 -9 ------- Run | Yrd Mat Mat Robot Analysis Total 1 | . 1 . Derelict Logs Recovered . | . . . Drone Launches . | . . . Drone Recoveries . | . . . Exploration | -11 -10 -9 ------------- Run | Yrd Mat Mat Turns Passed 1093 | 203 407 483 Spaces Moved 636 | 94 295 247 Core 4 | 1 . 3 Treads 70 | 70 . . Legs 4 | . . 4 Wheels 558 | 23 295 240 Hover . | . . . Flight . | . . . Fastest Speed 50 | 50 100 95 Average Speed 108 | 144 100 105 Slowest Speed 250 | 160 115 250 Overloaded Moves . | . . . Propulsion Burnouts . | . . . Robots Hopped . | . . . Cave-ins Triggered . | . . . Exploration Rate (%) 29 | 6 62 19 Regions Visited 2 Branch Regions . Pre-discovered Areas . | . . . Known Exits Taken . | . . . Unknown Exits Taken 2 | 1 1 . Scrap Searched . | . . . Spaces Dug . | . . . Terrain Destroyed 48 | . 31 17 Melee . | . . . Projectile . | . . . AOE 48 | . 31 17 Terrain Rammed . | . . . Walls Destroyed . | . . . Machines Disabled . | . . . Actions | -11 -10 -9 --------- Run | Yrd Mat Mat Total 855 | 128 354 373 Wait 41 | . 10 31 Move 634 | 93 294 247 Hop . | . . . Pick Up 19 | 8 5 6 Fast Attach 21 | 8 5 8 Attach 3 | . . 3 Detach 1 | 1 . . Swap 8 | . 1 7 Drop 24 | 1 9 14 Fire 104 | 17 30 57 Melee . | . . . Ram . | . . . Kick . | . . . Crush . | . . . Escape Stasis . | . . . Rewire . | . . . Trap . | . . . Miscellaneous . | . . . Route ------- -11/Scrapyard -10/Materials (discovered 2 exits: *Mat x2) -9/Materials History --------- Turn | Location | Event 44 | -11/Scrapyard | Discovered new exit (range 13) 204 | -11/Scrapyard | Entered Materials 331 | -10/Materials | Discovered new exit (range 14) 339 | -10/Materials | Build established: Mutant 501 | -10/Materials | Discovered new exit (range 3) 564 | -10/Materials | Core integrity fell below 50% 611 | -10/Materials | Entered another Materials area 611 | -9/Materials | Evolved 2 slots: Propulsion x2 1011 | -9/Materials | First assault squad dispatched 1045 | -9/Materials | Build established: Scavenger-Mutant 1081 | -9/Materials | Core integrity fell below 50% 1094 | -9/Materials | Self-destructed Last Messages --------------- TERMINAL." 01038_ ALERT: Hostiles spotted, dispatching reinforcements to Terminal M007. 01061_ C-30 ARC bursts open, deploying its payload. 01061_ L-31 Rogue unfolds itself. 01061_ G-34 Mercenary unfolds itself. 01061_ I-25 Savior unfolds itself. 01063_ K-01 Serf collects debris. 01074_ Dropped Sml. Laser. 01078_ Wheel destroyed. 01078_ Lgt. Armor Plating destroyed. 01078_ L-31 Rogue destroyed. 01080_ Ion Engine destroyed. 01084_ Grenade Launcher destroyed. 01084_ Aluminum Leg destroyed. 01086_ Acquired 37 matter. 01088_ Pressure Siphon disabled. 01090_ The unstable cave ceiling collapses. 01090_ Grenade Launcher destroyed. 01091_ Aluminum Leg destroyed. Map ----- +----------------------------------------------------+ | ?????# *%* % #???????????????? | | ?????# #???????????????? | | ?????####+####### ###+##+##+#???????????????? | | ?????# #?# #??? ????????????????????? | | ?????# """ #?# #?????""??????????????????? | | ?????# """ #?# #?????????????????????????? | | ?????# """ #?# #?????????????????????????? | | ?????# #?# #?????????????????????????? | | ?????# """ #?# #?????????????????????????? | | ?????# """ #?# ## # ???????????? | | ?????# """ #?# ## # ???????????? | | ?????# #?# ## # ???????????? | | ?????#####+####?# ## + ###???????????? | | ?????????# #????# ## # #?????????????? | | ?????????# #????# ## # #?????????????? | | ????###### #???## ######### ##????????????? | | ????##! ##!##### ####### #????????????? | | ????#! !%*[ #????????????? | | ????#! [[*%% ##???????????? | | ????#! [ [ %% ##???????????? | | ????# ###!#### ####### ##???????????? | | ????##! #?#=#??#######?????########???????????? | | ????#####?# #????#####????#########???????????? | | ??????????#!#?####"""###### #???????????? | | ??????????#*### "T" #???????????? | | ??????????#% g @ #???????????? | | ??????????#= g #???????????? | | ??????????# "" #???????????? | | ??????????# """ !! = #???????????? | | ??????????# "" " ![ #???????????? | | ??????????# r g i ## ######???????????? | | ??????????# # #???????????? | | ??????????# # #???????????? | | ??????????# # """#???????????? | | ??????????# # """#???????????? | | ??????????# o + """#???????????? | | ??????????# ###Y#### ## """#???????????? | | ????######## ####/####+## """#???????????? | | ???? # # ## #???????????? | | ???? + + ## #???????????? | | ???????????# # """ ]]! ###########???????????? | | ???????????# # """ ]]! #?????????????????????? | | ???????????#??? """ ]] #?????????????????????? | | ??????????????? #?????????????????????? | | ??????????????# "T" [ #?????????????????????? | | ??????????????# """ #?????????????????????? | | ???????????????####### ##?????????????????????? | | ??????????????????????#???????????????????????? | | ??????????????????????????????????????????????? | | ??????????????????????????????????????????????? | +----------------------------------------------------+ Best States ------------- Heat Dissipation 28 Energy Generation 12 Energy Capacity 265 Matter Stores 300 Matter Capacity 300 Sight Range 16 Terrain Scan Range 16 Terrain Scan Density 10 Armor Coverage 150 Evasion (%) 41 Recoil Reduction 1 Item Schematics ----------------- None Robot Schematics ------------------ None Fabricated ------------ Nothing Alien Tech Used ----------------- None Achievements -------------- None Challenges ------------ None Game ------ Seed DrainedFlakCleaver Manual? 0 Play Time 00:14:08 Cumulative 85.7 hours Start 2024.05.07 @ 01:55:59 End 2024.05.07 @ 02:09:54 Sessions 1 Manual Loads 0 Difficulty Rogue Special Mode None Game No. 46 Rogue 46 Adventurer 0 Explorer 0 Win Type - Total 3 Types 3/0/0/0/0/0/0/0/0 Lore% 47 Gallery% 55 Achievement% 43 Wizard Run 0 Options --------- Layout 0 ASCII 1 Keyboard 0 Movement Mouse Keybinds 0 Fullscreen 1 Font 20/X11 Map View 66x50 Zoom Use 0% Tactical HUD 1 Map Filters NONE Filters NONE Steam 1 RUN: e1670b79-0bf4-45f9-9852-da924ed31086